 Dungeon Crawl Stone Soup version 0.30-b1-2-g02819fbbbe (webtiles) character file.

Game seed: 10347249815234886917

35 Alarkh the Trooper (level 3, -1/29 HPs)
             Began as a Demonspawn Artificer on Nov 27, 2023.
             Succumbed to an adder's poison
             ... on level 2 of the Dungeon.
             The game lasted 00:01:39 (839 turns).

Alarkh the Trooper (Demonspawn Artificer)            Turns: 839, Time: 00:01:40

Health: -1/29      AC:  5    Str: 12    XL:     3   Next: 17%
Magic:  3/3        EV: 11    Int: 14    God:
Gold:   86         SH:  0    Dex: 13    Spells: 2/2 levels left

rFire   . . .        a - +0 dagger
rCold   . . .        (no shield)
rNeg    . . .        b - +0 leather armour
rPois   .            (no helmet)
rElec   .            l - +0 cloak
rCorr   .            (no gloves)
SInv    .            f - +0 pair of boots
Will    .....        (no amulet)
Stlth   +            (no ring)
HPRegen 0.24/turn    (no ring)
MPRegen 0.08/turn

%: no passive effects
@: mighty, lethally poisoned (-1 -> -7)
A: powered by death 1
a: no special abilities


You were on level 2 of the Dungeon.
You visited 1 branch of the dungeon, and saw 2 of its levels.

You collected 86 gold pieces.

Inventory:

Hand Weapons
 a - a +0 dagger (weapon)
Armour
 b - a +0 leather armour (worn)
 f - a +0 pair of boots (worn)
 l - a +0 cloak (worn)
Magical Staves
 o - a staff of earth
Jewellery
 p - a ring of willpower
Wands
 c - a wand of flame (1) (quivered)
 d - a wand of charming (15)
 e - a wand of iceblast (5)
Scrolls
 j - a scroll of teleportation {unknown}
 k - a scroll of vulnerability {unknown}
 q - a scroll of amnesia {unknown}
 r - a scroll of noise {unknown}
Potions
 g - a potion of curing {unknown}
 h - a potion of haste {unknown}
 i - a potion of resistance {unknown}
 m - a potion of brilliance {unknown}
 n - a potion of might


   Skills:
 + Level 3.2 Fighting
 - Level 1.7 Armour
 - Level 0.8 Dodging
 - Level 0.8 Stealth
 - Level 3.0 Evocations


You had 2 spell levels left.
You didn't know any spells.
Your spell library was empty.

Dungeon Overview and Level Annotations

Branches:
Dungeon (2/15)

Altars:

Shops:
D:1 *


Innate Abilities, Weirdness & Mutations

You regenerate a little health from kills.


Message History

Aim: an adder (heavily wounded, 53% to hit)
The puff of flame misses the adder.
You feel sick. The adder barely misses you.
Aiming: Throw Flame
Press: ? - help, Shift-Dir - straight line, f/p - adder
Aim: an adder (heavily wounded, 53% to hit)
The puff of flame misses the adder.
You feel sick. The adder bites you but does no damage.
Aiming: Throw Flame
Press: ? - help, Shift-Dir - straight line, f/p - adder
Aim: an adder (moderately wounded, 53% to hit)
The puff of flame misses the adder.
You feel sick. The adder closely misses you.
The adder bites you but does no damage.
Aiming: Throw Flame
Press: ? - help, Shift-Dir - straight line, f/p - adder
Aim: an adder (moderately wounded, 53% to hit)
The puff of flame hits the adder.
The adder is almost dead.
You feel sick. The adder bites you.
* * * LOW HITPOINT WARNING * * *
You are more poisoned.
The adder poisons you!
Aiming: Throw Flame
Press: ? - help, Shift-Dir - straight line, f/p - adder
Aim: an adder (almost dead, 53% to hit)
The puff of flame misses the adder.
* * * LOW HITPOINT WARNING * * *
You feel sick. The adder bites you.
* * * LOW HITPOINT WARNING * * *
You are more poisoned.
The adder poisons you!
Aiming: Throw Flame
Press: ? - help, Shift-Dir - straight line, f/p - adder
Aim: an adder (almost dead, 53% to hit)
The puff of flame misses the adder.
* * * LOW HITPOINT WARNING * * *
You feel sick. The adder misses you. The adder bites you.
* * * LOW HITPOINT WARNING * * *
It was a potion of might.
You feel very mighty all of a sudden.
You die...

##### ...
... ... #.#
#.# #S# #@#
#.# #.# #.#
. #.. #.# ..
#.# #.#
#.####.##
#.#
###.#....#.
#.#
...........
#.#
..##........


You could see an adder.

Vanquished Creatures
  A worm (D:2)
  A dart slug (D:1)
  5 ball pythons
  A bat (D:1)
  4 endoplasms (D:1)
  A giant cockroach (D:2)
  3 hobgoblins
  3 jackals (D:1)
  2 quokkas (D:1)
  2 kobolds (D:1)
  2 rats
25 creatures vanquished.

Notes
Turn   | Place    | Note
-------+----------+-------------------------------------------
     0 | D:1      | Alarkh the Demonspawn Artificer began the quest for the
                  | Orb.
     0 | D:1      | Reached XP level 1. HP: 15/15 MP: 1/1
   113 | D:1      | Gained mutation: You regenerate a little health from kills.
                  | [demonic ancestry]
   113 | D:1      | Reached XP level 2. HP: 6/22 MP: 2/2
   183 | D:1      | Found Yrodik's General Store.
   516 | D:1      | Found a faded altar of an unknown god.
   662 | D:2      | Reached XP level 3. HP: 28/29 MP: 3/3
   838 | D:2      | HP: 1/29 [adder (2)]
   839 | D:2      | Succumbed to an adder's poison

Illustrated notes

Levels and vault maps discovered:
D:1:      dpeg_arrival_renting, layout_rooms,
          dreamdust_ecumenical_altar_angels_and_demons, serial_shops,
          nicolae_shop_pleasant_corner_grove
D:2:      layout_rooms

Skill      XL: |  1  2 |
---------------+-------+-----
Fighting       | 2 3 |  3.2
Armour         | |  1.7
Dodging        | |  0.8
Stealth        | |  0.8
Evocations     | |  3.0

Action                     || total
---------------------------++-------
  Melee: Club              ||    60
         Dagger            ||    89
         Punch             ||     2
  Evoke: Wand              ||    14
    Use: Potion            ||     1
   Stab: Sleeping          ||     1
 Armour: Leather armour    ||    62
  Dodge: Dodged            ||   112
